AoeStats
← MrFeuillu

Lombardia

509459724Analyzed
2v2 RM · 4d ago on Sep 26, 2026· 21m 51s· 4 players
Game mode
Random Map
Map size
Medium (4 player)
Population
200
Speed
Normal
Resources
Standard
Victory
Conquest
Starting age
Dark Age
Ending age
Imperial Age
RankedLock teamsTeams togetherTeam positionsShared explorationLock speedFull tech treeHidden civsTurbo modeCheats
Victory
Defeat
🇸🇻 Tupi · El Salvador
1342
+15
🇸🇻 Saxons · El Salvador
1337
+16
🇫🇷 Sicilians · France
1365
-17
🇫🇷 Huns · France
1295
-14
MrFeuillu
9:59 Feudal Age
11:53 Loom
12:02 Double-Bit Axe
12:00 Horse Collar
22:29 Castle Age
Don't Worry Be Happy
6:09 Loom
9:25 Feudal Age
11:09 Double-Bit Axe
11:05 Horse Collar
17:08 Fletching
Slyterry007
7:07 Loom
9:10 Feudal Age
11:44 Double-Bit Axe
12:40 Fletching
15:16 Padded Archer Armor
Trimetroprim
6:20 Loom
9:27 Feudal Age
10:50 Man-at-Arms
11:36 Town Watch
15:38 Wheelbarrow
20:45 Scale Mail Armor
20:56 Forging
Connection lost

Rejoining the realm…

Still unreachable

The connection could not be restored.

Session expired

The server has moved on; the page needs a fresh start.